 Dungeon Crawl Stone Soup version 0.29.1-1-gd02db6906a (webtiles) character file.

Game seed: 10974219185861966722

4004 H0rd4k the Basher (level 10, -6/61 (65) HPs)
             Began as an Octopode Transmuter on Oct 17, 2022.
             Was an Initiate of Gozag.
             Mangled by a wight
             ... wielding a +2 scimitar of freezing
              (8 damage)
             ... on level 8 of the Dungeon.
             The game lasted 00:12:47 (9571 turns).

H0rd4k the Basher (Octopode Transmuter)             Turns: 9571, Time: 00:12:48

HP:   -6/61 (65)    AC:  1    Str: 10    XL:     10   Next: 23%
MP:   0/17          EV: 18    Int: 25    God:    Gozag
Gold: 801           SH:  0    Dex: 13    Spells: 17/18 levels left

rFire   + . .      SeeInvis .   r - +10 dark maul {vorpal}
rCold   . . .      Faith    .   (shield currently unavailable)
rNeg    . . .      Spirit   +   (helmet restricted)
rPois   .          Reflect  .   j - amulet of guardian spirit
rElec   .          Harm     .   b - +6 ring of intelligence
rCorr   .          Rampage  .   u - +4 ring of evasion
Will    .....                   s - ring of protection from fire
Stlth   ++++......              (no ring)
HPRegen 0.20/turn               (no ring)
MPRegen 0.15/turn               (no ring)
                                (no ring)
                                (no ring)

@: gold aura, drained
A: almost no armour, amphibious, 8 rings, camouflage 1, gelatinous body 1,
(nimble swimmer 1), tentacles
a: Renounce Religion, Potion Petition, Call Merchant, Bribe Branch


You were on level 8 of the Dungeon.
You worshipped Gozag.
Gozag was pleased with you.
You visited 2 branches of the dungeon, and saw 9 of its levels.

You collected 892 gold pieces.
You paid 91 gold pieces to Gozag.

Inventory:

Hand Weapons
 r - the +10 dark maul (weapon) {vorpal}
   (You found it on level 5 of the Dungeon)

   It inflicts extra damage upon your enemies.
 x - a +1 vorpal falchion
 y - a +4 dagger
 E - a +5 spear of venom
Missiles
 i - 11 poisoned darts (quivered)
 m - a throwing net
Magical Staves
 h - a staff of poison
Jewellery
 b - a +6 ring of intelligence (left tentacle)
 j - an amulet of guardian spirit (around mantle)
 s - a ring of protection from fire (on tentacle)
 u - a +4 ring of evasion (right tentacle)
Scrolls
 c - 3 scrolls of silence {unknown}
 e - 8 scrolls of identify {unknown}
 f - 8 scrolls of teleportation
 k - a scroll of enchant weapon {unknown}
 l - a scroll of vulnerability {unknown}
 n - 4 scrolls of enchant armour {unknown}
 o - a scroll of fear {unknown}
 p - 2 scrolls of butterflies {unknown}
 q - a scroll of acquirement {unknown}
 t - a scroll of amnesia {unknown}
 D - a scroll of blinking {unknown}
Potions
 a - 3 potions of lignification
 d - 3 potions of curing
 g - 2 potions of attraction
 v - a potion of flight {unknown}
 w - 2 potions of invisibility
 z - a potion of haste {unknown}
 A - a potion of brilliance {unknown}
 B - a potion of magic {unknown}
 C - a potion of heal wounds {unknown}


   Skills:
 + Level 4.5 Fighting
 * Level 9.5 Maces & Flails
 + Level 1.3 Throwing
 + Level 4.3 Dodging
 + Level 6.0 Stealth
 + Level 5.9 Unarmed Combat
 * Level 4.9 Spellcasting
 + Level 3.5 Transmutations


You had 17 spell levels left.
You knew the following spells:

 Your Spells              Type           Power      Damage    Failure   Level
a - Beastly Appendage     Tmut           46%        N/A       1%          1

Your spell library contained the following spells:

 Spells                   Type           Power      Damage    Failure   Level
 Wereblood                Tmut           23%        N/A       3%          2
 Apportation              Tloc           12%        N/A       9%          1
 Magic Dart               Conj           24%        1d4       9%          1
 Necrotise                Necr           24%        1d5       9%          1
 Summon Small Mammal      Summ           24%        N/A       9%          1
 Spider Form              Tmut/Pois      14%        N/A       12%         3
 Call Imp                 Summ           6%         N/A       13%         2
 Static Discharge         Conj/Air       6%         3-4/arc   13%         2
 Mephitic Cloud           Conj/Pois/Air  6%         N/A       26%         3
 Ice Form                 Ice/Tmut       14%        N/A       38%         4
 Freezing Cloud           Conj/Ice/Air   3%         6-21      93%         5
 Lightning Bolt           Conj/Air       3%         1d14      93%         5
 Maxwell's Capacitive Co  Air            3%         ∞         100%        8
 Polar Vortex             Ice            3%         N/A       100%        9
 Simulacrum               Ice/Necr       Unusable   N/A       N/A         6

Dungeon Overview and Level Annotations

Branches:
Dungeon (8/15)             Temple (1/1) D:5
   Lair: D:8-11

Altars:
Ashenzari
Cheibriados
Dithmenos
Elyvilon
Fedhas
Gozag
Hepliaklqana
Kikubaaqudgha
Makhleb
Nemelex Xobeh
Okawaru
Qazlal
Ru
Sif Muna
Trog
Uskayaw
Vehumet
Wu Jian
Xom
Yredelemnul
Zin
The Shining One

Shops:
D:1 (*:?

Annotations:
D:5 exclusion: downstairs


Innate Abilities, Weirdness & Mutations

You cannot wear most types of armour.
You are amphibious.
You can wear up to eight rings at the same time.
Your skin changes colour to match your surroundings (Stealth+).
Your rubbery body absorbs attacks. (AC +1, EV +1)
((You are camouflaged when in or above water. (Stealth+)))
You have tentacles for arms and can constrict up to eight enemies at once.


Message History

You bludgeon the kobold!!
You kill the kobold!
You hear a shout!
The kobold is no longer distracted by gold.
A wight comes into view.
It is wielding a +2 long sword of freezing.
You crush the kobold like a grape!!!
You kill the kobold!
The kobold is no longer distracted by gold.
The kobold completely misses you.
The kobold hits you with a +3 short sword.
You closely miss the kobold. Your grab misses the kobold.
The kobold closely misses you. The kobold barely misses you.
You barely miss the kobold. You grab the kobold. You constrict the kobold.
A wight comes into view. It is wielding a +0 falchion.
The kobold hits you with a +3 short sword. x2
The kobold misses you.
You pound the kobold like an anvil!!!
You kill the kobold!
The wight closely misses you.
You closely miss the wight. You grab the wight.
You constrict the wight, but do no damage.
The wight barely misses you.
The wight hits you with a +2 long sword of freezing!
You feel drained. The wight freezes you! The wight barely misses you.
You hammer the wight like a gong!!!
You destroy the wight!
The wight hits you with a +2 scimitar of freezing!
The wight freezes you.
* * * LOW HITPOINT WARNING * * *
You closely miss the wight. Your grab misses the wight.
The wight hits you with a +2 scimitar of freezing!
* * * LOW HITPOINT WARNING * * *
You feel drained.
* * * LOW HITPOINT WARNING * * *
The wight freezes you.
* * * LOW HITPOINT WARNING * * *
The wight closely misses you.
The wight hits you with a +2 scimitar of freezing!
You die...
Your body crumbles into a pile of gold.

..... #...)...## ##.z..
#######..# #..K.#
...#########.. ## #K##K...#
#............ .K .....(..#
############# .K.####...# #
#K #.<.# ################
#..###..z###...............
#......Kz@..##############
#############


You could see 2 wights and a kobold.

Vanquished Creatures
  Pikel (D:5)
  Prince Ribbit (D:5)
  A steam dragon (D:6)
  Menkaure (D:5)
  A water moccasin (D:7)
  2 orc warriors
  A sky beast (D:6)
  An ice beast (D:8)
  A centaur (D:7)
  A phantom (D:6)
  2 lemures (D:5)
  A kobold brigand (D:8)
  2 necrophages
  2 gnoll sergeants
  5 scorpions
  22 wights
  2 howler monkeys
  3 hounds
  2 jellies (D:7)
  3 orc priests
  4 iguanas
  4 orc wizards
  7 gnolls
  5 adders
  2 white imps
  An ufetubus (D:5)
  2 worms (D:2)
  A dart slug (D:4)
  17 orcs
  4 endoplasms
  2 giant cockroaches
  5 goblins
  8 hobgoblins
  A quokka (D:1)
  10 ball pythons
  7 bats
  3 frilled lizards (D:1)
  7 kobolds
  4 rats (D:1)
149 creatures vanquished.

Notes
Turn   | Place    | Note
-------+----------+-------------------------------------------
     0 | D:1      | H0rd4k the Octopode Transmuter began the quest for the Orb.
     0 | D:1      | Reached XP level 1. HP: 13/13 MP: 3/3
    28 | D:1      | Found a faded altar of an unknown god.
   117 | D:1      | Reached XP level 2. HP: 17/18 MP: 5/5
   183 | D:1      | Found Geidujas's Weapon Shoppe.
   197 | D:1      | Found Losott's Book Boutique.
   211 | D:1      | You fall into a shaft and drop 1 floor!
   619 | D:2      | Reached skill level 1 in Stealth
   926 | D:1      | Reached XP level 3. HP: 20/23 MP: 6/6
  1017 | D:1      | Found Awkuzuin's General Store.
  1130 | D:1      | Found Naxzit's Magic Scroll Shop.
  2818 | D:3      | Found a basalt altar of Yredelemnul.
  2879 | D:3      | Reached XP level 4. HP: 27/28 MP: 7/7
  3146 | D:3      | Found a glowing silver altar of Zin.
  3798 | D:4      | Reached XP level 5. HP: 12/33 MP: 2/8
  3948 | D:4      | Noticed an ogre
  4039 | D:4      | Noticed an ogre
  4139 | D:5      | Entered Level 5 of the Dungeon
  4139 | D:5      | Noticed Menkaure
  4151 | D:5      | Killed Menkaure
  4152 | D:5      | Reached XP level 6. HP: 25/38 MP: 5/10
  4443 | D:5      | Reached skill level 5 in Unarmed Combat
  4522 | D:5      | Found the +10 dark maul {vorpal}
  4665 | D:5      | Found a staircase to the Ecumenical Temple.
  4677 | Temple   | Entered the Ecumenical Temple
  4870 | Temple   | Became a worshipper of Gozag Ym Sagoz the Greedy
  4891 | D:5      | Noticed Prince Ribbit
  4901 | D:5      | Killed Prince Ribbit
  4902 | D:5      | Reached skill level 1 in Maces & Flails
  4902 | D:5      | Reached skill level 1 in Throwing
  4902 | D:5      | Reached XP level 7. HP: 21/44 MP: 5/11
  5171 | D:5      | Reached skill level 5 in Stealth
  5208 | D:5      | Found a shimmering altar of Xom.
  5315 | D:5      | Noticed Pikel
  5349 | D:5      | Killed Pikel
  5350 | D:5      | Reached skill level 3 in Maces & Flails
  5350 | D:5      | Reached XP level 8. HP: 7/51 MP: 2/13
  5981 | D:5      | Reached skill level 4 in Maces & Flails
  6392 | D:7      | Reached skill level 5 in Maces & Flails
  6609 | D:7      | Reached XP level 9. HP: 46/57 MP: 11/14
  6702 | D:7      | Reached skill level 6 in Maces & Flails
  7110 | D:6      | Reached skill level 7 in Maces & Flails
  7494 | D:7      | HP: 2/57 [acid (4)]
  7966 | D:7      | Reached skill level 8 in Maces & Flails
  8670 | D:7      | Reached XP level 10. HP: 51/62 MP: 13/17
  9101 | D:8      | Reached skill level 9 in Maces & Flails
  9571 | D:8      | HP: 2/61 [wight/+2 scimitar of freezing (3)]
  9571 | D:8      | Mangled by a wight

Illustrated notes

Levels and vault maps discovered:
D:1:      psy_arrival_statuary, layout_basic, serial_shops,
          nicolae_shop_hallway_plus, nicolae_shop_stone, shop, shop,
          shapermc_ecumenical_altar_starsandcircs, st_stairs_5
D:2:      layout_rooms, serial_co_window_serial, co_window_corner_a,
          co_window_paths_b, co_window_cross_1, co_window_paths_a,
          co_window_of_opportunity_a, co_window_corner_a, co_window_paths_b,
          co_window_unsneaky_path_e, co_window_unsneaky_path_a,
          co_window_2corner, co_window_broadway_a, glass_columns_b,
          glass_columns_c, glass_columns_c, glass_columns_a, glass_columns_a,
          kennysheep_generic_room_4
D:3:      layout_basic, mainiacjoe_overflow_brackets, zin_treasury,
          minmay_misc_feat_room
D:4:      layout_cave_pools, serial_glass, glass_columns_a, glass_columns_b,
          glass_columns_a, glass_columns_c, glass_columns_b, glass_columns_b,
          glass_columns_c, glass_columns_c, glass_columns_a, glass_columns_b,
          glass_columns_c, glass_columns_c, glass_columns_b, glass_columns_a,
          st_stairs_4, uniq_blork_the_orc, uniq_ijyb
D:5:      layout_basic, tgw_xom, minmay_temple_entry_wispy, uniq_menkaure,
          uniq_pikel, uniq_prince_ribbit1
D:6:      layout_rooms, hangedman_decor_points, kennysheep_cluttered_room
D:7:      layout_cave_pools, abandoned_shop
D:8:      layout_rooms
Temple:   compressed_dpeg_triangle_lava_temple

Skill      XL: |  1  2  3  4  5  6  7  8  9 10 |
---------------+-------------------------------+-----
Stealth        | 1 2 3 4 5 6 |  6.0
Unarmed Combat | 4 5 |  5.9
Spellcasting   | 3 4 |  4.9
Maces & Flails | 1 3 5 8 9 |  9.5
Throwing       | 1 |  1.3
Transmutations | 3 |  3.5
Fighting       | 2 3 4 |  4.5
Dodging        | 3 4 |  4.3

Action                   |  1- 3 |  4- 6 |  7- 9 | 10-12 || total
-------------------------+-------+-------+-------+-------++-------
Melee: Unarmed           |    93 |    63 |       |       ||   156
       Tentacles         |     9 |    14 |    15 |     2 ||    40
       Constrict         |    22 |    18 |    13 |     5 ||    58
       Kick              |     8 |    17 |     6 |       ||    31
       Punch             |     2 |       |       |       ||     2
       Maul              |       |     2 |    94 |    34 ||   130
Throw: Dart              |       |     6 |       |       ||     6
 Cast: Beastly Appendage |     9 |    11 |    12 |       ||    32
  Use: Potion            |       |     3 |     1 |       ||     4
       Scroll            |       |       |     3 |       ||     3
 Stab: Sleeping          |    13 |     6 |     6 |       ||    25
       Distracted        |       |       |       |     2 ||     2
Armor: Skin              |     9 |     2 |     1 |       ||    12
Dodge: Dodged            |    54 |    38 |   139 |    44 ||   275
